MAA
ELLENBURG FIGHTING DACHSHUNDS @ SALEM MISFITS
08/19/2019
 
TOP OF THE 1ST
Ellenburg Fighting Dachshunds batting - Pitching for Salem Misfits : LHP Javier Roldán
Pitching: LHP Javier Roldán
Batting: RHB Jesús López 0-0: Swinging Strike
0-1: DOUBLE (Line Drive, 7LM)
Batting: RHB Manuel Herrera 0-0: Swinging Strike
0-1: SINGLE (Flyball, 8RS)
Jesús López to third
Runner from 3rd tries for Home, SAFE, no throw or cutoff
Batting: LHB Ismael Cabrera 0-0: Ball
1-0: Ball
2-0: Swinging Strike
2-1: Fielders Choice at 2nd, 4-6 (Groundball, 34)
Batting: RHB Travis Lee 0-0: SINGLE (Groundball, 56) (infield hit)
Ismael Cabrera to second
Batting: RHB Pedro Pérez 0-0: Called Strike
0-1: Swinging Strike
0-2: Strikes out swinging
Batting: LHB Ramón Hernández 0-0: Ball
1-0: Fly out, F6 (Popup, 6MS)
Top of the 1st over - 1 run(s), 3 hit(s), 0 error(s), 2 left on base; Ellenburg 1 - Salem 0
BOTTOM OF THE 1ST
Salem Misfits batting - Pitching for Ellenburg Fighting Dachshunds : RHP Leroy Picot
Pitching: RHP Leroy Picot
Batting: LHB Iván Flores 0-0: Ball
1-0: Ball
2-0: Foul Ball, location: 2F
2-1: Swinging Strike
2-2: Ball
3-2: Fly out, F6 (Popup, 6)
Batting: RHB Steve Duncan 0-0: Ball
1-0: Foul Ball, location: 2F
1-1: Foul Ball, location: 2F
1-2: Ball
2-2: Foul Ball, location: 2F
2-2: Strikes out swinging
Batting: RHB Will Robinson 0-0: Called Strike
0-1: Ball
1-1: Swinging Strike
1-2: Fly out, F8 (Flyball, 89M)
Bottom of the 1st over - 0 run(s), 0 hit(s), 0 error(s), 0 left on base; Ellenburg 1 - Salem 0
TOP OF THE 2ND
Ellenburg Fighting Dachshunds batting - Pitching for Salem Misfits : LHP Javier Roldán
Batting: RHB Cole McKnight 0-0: Ball
1-0: Ball
2-0: Called Strike
2-1: Called Strike
2-2: Foul Ball, location: 2F
2-2: Foul Ball, location: 2F
2-2: Strikes out swinging
Batting: RHB Eddie Davis 0-0: Ball
1-0: Called Strike
1-1: SINGLE (Groundball, 56)
Batting: LHB Alan Hardy 0-0: Called Strike
0-1: Foul Ball, location: 2F
0-2: Foul Ball, location: 2F
0-2: Foul Ball, location: 2F
0-2: Ball
1-2: Ball
2-2: DOUBLE (Line Drive, 5L)
Eddie Davis to third
Runner from 3rd tries for Home, SAFE, throw made at trailing runner, SAFE at third!
Batting: RHB Jesús López 0-0: Called Strike
0-1: Called Strike
0-2: Ground out 5-3 (Groundball, 56S)
Alan Hardy scores
Batting: RHB Manuel Herrera 0-0: Ball
1-0: SINGLE (Line Drive, 9LS)
Batting: LHB Ismael Cabrera 0-0: Swinging Strike
0-1: Ball
1-1: Ball
2-1: Foul Ball, location: 2F
2-2: Ball
3-2: Strikes out looking
Top of the 2nd over - 2 run(s), 3 hit(s), 0 error(s), 1 left on base; Ellenburg 3 - Salem 0
BOTTOM OF THE 2ND
Salem Misfits batting - Pitching for Ellenburg Fighting Dachshunds : RHP Leroy Picot
Batting: RHB Alfredo Martínez 0-0: Ball
1-0: Foul Ball, location: 2F
1-1: Ball
2-1: Called Strike
2-2: SINGLE (Groundball, 4D)
Batting: LHB Júlio Valentín 0-0: Called Strike
0-1: DOUBLE (Line Drive, 6D)
Alfredo Martínez to third
Batting: RHB António Martínez 0-0: Ball
1-0: Called Strike
1-1: Ball
2-1: Called Strike
2-2: Strikes out swinging
Batting: SHB Emílio Gonzáles 0-0: Called Strike
0-1: Foul Ball, location: 2F
0-2: Foul Ball, location: 2F
0-2: Ball
1-2: Foul Ball, location: 2F
1-2: Foul Ball, location: 2F
1-2: Strikes out swinging
Batting: SHB Joe Werner 0-0: Called Strike
0-1: Foul Ball, location: 2F
0-2: Fly out, F8 (Flyball, 8LS)
Bottom of the 2nd over - 0 run(s), 2 hit(s), 0 error(s), 2 left on base; Ellenburg 3 - Salem 0
TOP OF THE 3RD
Ellenburg Fighting Dachshunds batting - Pitching for Salem Misfits : LHP Javier Roldán
Batting: RHB Travis Lee 0-0: Ball
1-0: Fly out, F9 (Flyball, 9M)
Batting: RHB Pedro Pérez 0-0: Called Strike
0-1: Foul Ball, location: 2F
0-2: Strikes out swinging
Batting: LHB Ramón Hernández 0-0: Called Strike
0-1: Foul Ball, location: 2F
0-2: Fly out, F8 (Flyball, 8LM)
Top of the 3rd over - 0 run(s), 0 hit(s), 0 error(s), 0 left on base; Ellenburg 3 - Salem 0
BOTTOM OF THE 3RD
Salem Misfits batting - Pitching for Ellenburg Fighting Dachshunds : RHP Leroy Picot
Batting: SHB Arturo Romero 0-0: Ball
1-0: Foul Ball, location: 2F
1-1: Called Strike
1-2: Strikes out looking
Batting: LHB Iván Flores 0-0: Ground out 4-3 (Groundball, 4)
Batting: RHB Steve Duncan 0-0: Called Strike
0-1: Foul Ball, location: 2F
0-2: Strikes out swinging
Bottom of the 3rd over - 0 run(s), 0 hit(s), 0 error(s), 0 left on base; Ellenburg 3 - Salem 0
TOP OF THE 4TH
Ellenburg Fighting Dachshunds batting - Pitching for Salem Misfits : LHP Javier Roldán
Batting: RHB Cole McKnight 0-0: Ball
1-0: Fly out, F4 (Popup, 34)
Batting: RHB Eddie Davis 0-0: Called Strike
0-1: Ball
1-1: Ball
2-1: Called Strike
2-2: Ball
3-2: Strikes out swinging
Batting: LHB Alan Hardy 0-0: Ground out 4-3 (Groundball, 4)
Top of the 4th over - 0 run(s), 0 hit(s), 0 error(s), 0 left on base; Ellenburg 3 - Salem 0
BOTTOM OF THE 4TH
Salem Misfits batting - Pitching for Ellenburg Fighting Dachshunds : RHP Leroy Picot
Batting: RHB Will Robinson 0-0: Foul Ball, location: 2F
0-1: SINGLE (Groundball, 56) (infield hit)
Batting: RHB Alfredo Martínez 0-0: Called Strike
0-1: SINGLE (Line Drive, 4MD)
Will Robinson to second
Batting: LHB Júlio Valentín 0-0: Ball
1-0: Ball
2-0: Foul Ball, location: 2F
2-1: Foul Ball, location: 2F
2-2: Fly out, F8 (Flyball, 8RM)
Batting: RHB António Martínez 0-0: Called Strike
0-1: SINGLE (Line Drive, 6MD)
Will Robinson to third
Alfredo Martínez to second
Runner from 3rd tries for Home, SAFE, no throw or cutoff
Batting: SHB Emílio Gonzáles 0-0: Swinging Strike
0-1: Called Strike
0-2: Foul Ball, location: 2F
0-2: Ball
1-2: Ball
2-2: Ball
3-2: Base on Balls
Alfredo Martínez to third
António Martínez to second
Batting: SHB Joe Werner 0-0: Ball
1-0: Called Strike
1-1: Ball
2-1: Foul Ball, location: 2F
2-2: SINGLE (Line Drive, 9LS)
Alfredo Martínez scores
António Martínez to third
Emílio Gonzáles to second
Batting: SHB Arturo Romero 0-0: Ball
1-0: Foul Ball, location: 2F
1-1: Foul Ball, location: 2F
1-2: Foul Ball, location: 2F
1-2: Fielders Choice at 2nd, 3-6 (Groundball, 3)
António Martínez scores
Emílio Gonzáles to third
Batting: LHB Iván Flores 0-0: Called Strike
0-1: Swinging Strike
0-2: Ball
1-2: Strikes out looking
Bottom of the 4th over - 3 run(s), 4 hit(s), 0 error(s), 2 left on base; Ellenburg 3 - Salem 3
TOP OF THE 5TH
Ellenburg Fighting Dachshunds batting - Pitching for Salem Misfits : LHP Javier Roldán
Batting: RHB Jesús López 0-0: Called Strike
0-1: Swinging Strike
0-2: Foul Ball, location: 2F
0-2: Foul Ball, location: 2F
0-2: Fly out, F6 (Line Drive, 6)
Batting: RHB Manuel Herrera 0-0: Called Strike
0-1: Called Strike
0-2: Ground out 5-3 (Groundball, 5S)
Batting: LHB Ismael Cabrera 0-0: Ball
1-0: Swinging Strike
1-1: Ball
2-1: Ball
3-1: Called Strike
3-2: SINGLE (Groundball, 3L) (infield hit)
Batting: RHB Travis Lee 0-0: Ball
1-0: Ball
2-0: Called Strike
2-1: Ball
3-1: Foul Ball, location: 2F
3-2: Strikes out looking
Top of the 5th over - 0 run(s), 1 hit(s), 0 error(s), 1 left on base; Ellenburg 3 - Salem 3
BOTTOM OF THE 5TH
Salem Misfits batting - Pitching for Ellenburg Fighting Dachshunds : RHP Leroy Picot
Batting: RHB Steve Duncan 0-0: Swinging Strike
0-1: Ball
1-1: Foul Ball, location: 2F
1-2: Ball
2-2: Foul Ball, location: 2F
2-2: Ball
3-2: Fly out, F7 (Flyball, 7LD)
Batting: RHB Will Robinson 0-0: Ball
1-0: Ball
2-0: Foul Ball, location: 2F
2-1: Foul Ball, location: 2F
2-2: Reached on error, E5 (Groundball, 5)
Batting: RHB Alfredo Martínez 0-0: Ball
1-0: Fly out, F4 (Popup, 3F)
Batting: LHB Júlio Valentín 0-0: Ball
1-0: Fly out, F7 (Flyball, 7LM)
Bottom of the 5th over - 0 run(s), 0 hit(s), 1 error(s), 1 left on base; Ellenburg 3 - Salem 3
TOP OF THE 6TH
Ellenburg Fighting Dachshunds batting - Pitching for Salem Misfits : LHP Javier Roldán
Batting: RHB Pedro Pérez 0-0: Ground out 1-3 (Groundball, 23)
Batting: LHB Ramón Hernández 0-0: Called Strike
0-1: Foul Ball, location: 2F
0-2: Foul Ball, location: 2F
0-2: Strikes out swinging
Batting: RHB Cole McKnight 0-0: Ball
1-0: Ground out 5-3 (Groundball, 5S)
Top of the 6th over - 0 run(s), 0 hit(s), 0 error(s), 0 left on base; Ellenburg 3 - Salem 3
BOTTOM OF THE 6TH
Salem Misfits batting - Pitching for Ellenburg Fighting Dachshunds : RHP Leroy Picot
Batting: RHB António Martínez 0-0: Called Strike
0-1: Foul Ball, location: 2F
0-2: Ball
1-2: Ball
2-2: Strikes out swinging
Batting: SHB Emílio Gonzáles 0-0: Ground out 4-3 (Groundball, 4)
Batting: SHB Joe Werner 0-0: Ball
1-0: Swinging Strike
1-1: Called Strike
1-2: Foul Ball, location: 2F
1-2: Ball
2-2: Ball
3-2: Strikes out looking
Bottom of the 6th over - 0 run(s), 0 hit(s), 0 error(s), 0 left on base; Ellenburg 3 - Salem 3
TOP OF THE 7TH
Ellenburg Fighting Dachshunds batting - Pitching for Salem Misfits : LHP Javier Roldán
Batting: RHB Eddie Davis 0-0: Fly out, F3 (Popup, 3DF)
Pinch Hitting: LHB Joe McElroy 0-0: Ball
1-0: Swinging Strike
1-1: Ball
2-1: Foul Ball, location: 2F
2-2: Ball
3-2: Fly out, F7 (Flyball, 78S)
Batting: RHB Jesús López 0-0: SINGLE (Flyball, 8LS)
Pinch Hitting: RHB Jim Unknown 0-0: Ball
1-0: Ball
2-0: Ball
3-0: Called Strike
3-1: Base on Balls
Jesús López to second
Batting: LHB Ismael Cabrera 0-0: Called Strike
0-1: Foul Ball, location: 2F
0-2: Ball
1-2: Foul Ball, location: 2F
1-2: Strikes out looking
Top of the 7th over - 0 run(s), 1 hit(s), 0 error(s), 2 left on base; Ellenburg 3 - Salem 3
BOTTOM OF THE 7TH
Salem Misfits batting - Pitching for Ellenburg Fighting Dachshunds : RHP Leroy Picot
Pitching: RHP Abel Blok
Now at 3B: Jim Unknown
Now in LF: Joe McElroy
Pinch Hitting: RHB Arlen King 0-0: Ball
1-0: SINGLE (Line Drive, 6D)
Batting: LHB Iván Flores 0-0: Foul Ball, location: 2F
0-1: Swinging Strike
0-2: Ball
1-2: Foul Ball, location: 2F
1-2: Ball
2-2: Foul Ball, location: 2F
2-2: Foul Ball, location: 2F
2-2: SINGLE (Groundball, 34D)
Arlen King to second
Runner from 2nd tries for 3rd, SAFE, throw made to third
Iván Flores to second
Pinch Hitting: RHB Domingo Navarro 0-0: Intentional Walk
Pinch Hitting: RHB José Casarreal 0-0: Ball
1-0: Foul Ball, location: 2F
1-1: Swinging Strike
1-2: Foul Ball, location: 2F
1-2: Foul Ball, location: 2F
1-2: Strikes out looking
Batting: RHB Alfredo Martínez 0-0: SINGLE (Groundball, 34D)
Arlen King scores
Iván Flores to third
Domingo Navarro to second
Runner from 3rd tries for Home, SAFE, no throw or cutoff
Pitching: LHP Wilson Castillo
Batting: LHB Júlio Valentín 0-0: Ball
1-0: Called Strike
1-1: SINGLE (Flyball, 78S)
Domingo Navarro to third
Alfredo Martínez to second
Batting: RHB António Martínez 0-0: Foul Ball, location: 2F
0-1: Swinging Strike
0-2: Ball
1-2: Ball
2-2: Foul Ball, location: 2F
2-2: Strikes out swinging
Batting: SHB Emílio Gonzáles 0-0: Ball
1-0: Ground out 5-3 (Groundball, 5S)
Bottom of the 7th over - 2 run(s), 4 hit(s), 0 error(s), 3 left on base; Ellenburg 3 - Salem 5
TOP OF THE 8TH
Ellenburg Fighting Dachshunds batting - Pitching for Salem Misfits : LHP Javier Roldán
Now at C: John Townsend
Now at 1B: Arlen King
Now in LF: Domingo Navarro
Now in RF: Raúl Reyna
Batting: RHB Travis Lee 0-0: Called Strike
0-1: Ball
1-1: Swinging Strike
1-2: SINGLE (Groundball, 56D)
Pitching: LHP Cristo Rodríguez
Batting: RHB Pedro Pérez 0-0: Called Strike
0-1: SINGLE (Line Drive, 56)
Travis Lee to second
Pitching: LHP Jorge Román
Batting: LHB Ramón Hernández 0-0: Swinging Strike
0-1: Bunted foul
0-2: Ball
1-2: Ball
2-2: Strikes out swinging
Pitching: RHP Bryce Randolph
Batting: RHB Cole McKnight 0-0: Ball
1-0: Foul Ball, location: 2F
1-1: Swinging Strike
1-2: Ball
2-2: Ball
3-2: Strikes out swinging
Pinch Hitting: LHB Alfredo Andrade 0-0: Ball
1-0: Fly out, F9 (Flyball, 8RM)
Top of the 8th over - 0 run(s), 2 hit(s), 0 error(s), 2 left on base; Ellenburg 3 - Salem 5
BOTTOM OF THE 8TH
Salem Misfits batting - Pitching for Ellenburg Fighting Dachshunds : LHP Wilson Castillo
Now in LF: Alfredo Andrade
Batting: SHB Joe Werner 0-0: Ball
1-0: Ball
2-0: Ball
3-0: Base on Balls
Batting: RHB Arlen King 0-0: Swinging Strike
0-1: Fly out, F5 (Popup, 5DF)
Batting: LHB Iván Flores 0-0: DOUBLE (Flyball, 89M)
Joe Werner to third
Batting: RHB Domingo Navarro 0-0: Intentional Walk
Batting: RHB Raúl Reyna 0-0: Fly out, F7 (Flyball, 78XD)
Runner from 3rd tags up, SCORES, no throw
Iván Flores to third
Batting: RHB John Townsend 0-0: Ball
1-0: Ball
2-0: Called Strike
2-1: Ball
3-1: Foul Ball, location: 2F
3-2: Base on Balls
Domingo Navarro to second
Batting: LHB Júlio Valentín 0-0: Ball
1-0: Called Strike
1-1: Ball
2-1: Ground out 1-3 (Groundball, 15)
Bottom of the 8th over - 1 run(s), 1 hit(s), 0 error(s), 3 left on base; Ellenburg 3 - Salem 6
TOP OF THE 9TH
Ellenburg Fighting Dachshunds batting - Pitching for Salem Misfits : RHP Bryce Randolph
Pitching: RHP Enrico Reséndez
Batting: LHB Joe McElroy 0-0: Called Strike
0-1: Ball
1-1: Ground out 6-3 (Groundball, 6S)
Batting: RHB Jesús López 0-0: Called Strike
0-1: Ball
1-1: Called Strike
1-2: Foul Ball, location: 2F
1-2: Foul Ball, location: 2F
1-2: Fly out, F7 (Line Drive, 78M)
Batting: RHB Jim Unknown 0-0: Ground out 2-3 (Groundball, 25)
Top of the 9th over - 0 run(s), 0 hit(s), 0 error(s), 0 left on base; Ellenburg 3 - Salem 6
This league is powered by Out of the Park Baseball, the baseball management simulation game for PC, Mac and Linux
Saturday, July 25th, 2015 - OOTP Baseball 15.6 Build 34